 Dungeon Crawl Stone Soup version 0.21.0-25-ge575cb9 (webtiles) character file.

1 Monsterracer the Slasher (level 1, -3/18 HPs)
             Began as a Minotaur Gladiator on Jan 25, 2018.
             Slain by a hobgoblin (4 damage)
             ... on level 1 of the Dungeon.
             The game lasted 00:00:13 (75 turns).

Monsterracer the Slasher (Minotaur Gladiator)         Turns: 75, Time: 00:00:14

Health: -3/18      AC:  3    Str: 18    XL:     1   Next: 16%
Magic:  0/0        EV: 12    Int:  5    God:
Gold:   0          SH:  0    Dex: 11    Spells: 0/0 levels left

rFire    . . .     SeeInvis .   a - +0 long sword {!a}
rCold    . . .     Gourm    .   (no shield)
rNeg     . . .     Faith    .   b - +0 leather armour
rPois    .         Spirit   .   f - +0 hat
rElec    .         Reflect  .   (no cloak)
rCorr    .         Harm     .   (no gloves)
MR       .....                  (no boots)
Stlth    +.........             (no amulet)
HPRegen  0.06/turn              (no ring)
MPRegen  0.07/turn              (no ring)

@: no status effects
A: retaliatory headbutt, horns 2
a: no special abilities


You were on level 1 of the Dungeon.
You were not hungry.

You visited 1 branch of the dungeon, and saw 1 of its levels.

Inventory:

Hand Weapons
 a - a +0 long sword (weapon) {!a}
Missiles
 d - 3 throwing nets (quivered)
Armour
 b - a +0 leather armour (worn)
 f - a +0 hat (worn)
Potions
 e - a potion of ambrosia {unknown}
 g - a potion of agility {unknown}
Comestibles
 c - a ration


   Skills:
 + Level 2.5 Fighting
 - Level 3.6 Long Blades
 - Level 2.0 Throwing
 + Level 3.3 Dodging


You couldn't memorise any spells.
You didn't know any spells.

Dungeon Overview and Level Annotations

Branches:
Dungeon (1/15)

Altars:


Innate Abilities, Weirdness & Mutations

You reflexively headbutt those who attack you in melee.
You have a pair of horns on your head.


Message History

c - a ration;
f - a +0 hat (worn)
Welcome, Monsterracer the Minotaur Gladiator.
It is said that the Orb of Zot exists deep within this dungeon.
Press ? for a list of commands and other information.
Found a staircase leading out of the dungeon.
No target in view!
You open the door.
There is an open door here.
You open the door.
There is an open door here.
e - an inky potion
g - a fizzy yellow potion You open the door.
There is an open door here.
A hobgoblin comes into view. It is wielding a club.
The hobgoblin shouts!
Found 10 gold pieces.
A hobgoblin is nearby!
The hobgoblin hits you but does no damage.
The hobgoblin hits you with a club.
You take 3 damage, and have 15/18 hp.
The hobgoblin closely misses you. The hobgoblin hits you with a club.
You take 3 damage, and have 12/18 hp.
The hobgoblin barely misses you.
You riposte.
You barely miss the hobgoblin.
The hobgoblin hits you but does no damage.
The hobgoblin misses you.
You riposte.
Your leather armour prevents you from hitting the hobgoblin.
The hobgoblin hits you but does no damage.
The hobgoblin closely misses you. The hobgoblin closely misses you.
A hobgoblin comes into view.
The hobgoblin shouts!
The hobgoblin hits you with a club.
You take 1 damage, and have 11/18 hp.
The hobgoblin hits you with a club.
You take 1 damage, and have 10/18 hp.
The hobgoblin misses you. The hobgoblin hits you.
* * * LOW HITPOINT WARNING * * *
You take 4 damage, and have 6/18 hp.
MASSIVE DAMAGE!!
There is an open door here.
The hobgoblin closely misses you. You furiously retaliate!
You headbutt the hobgoblin!
You kill the hobgoblin!
The hobgoblin closely misses you.
The hobgoblin hits you but does no damage.
The hobgoblin barely misses you. The hobgoblin completely misses you.
The hobgoblin hits you but does no damage.
The hobgoblin hits you.
* * * LOW HITPOINT WARNING * * *
You take 3 damage, and have 4/18 hp.
The hobgoblin hits you.
* * * LOW HITPOINT WARNING * * *
You take 3 damage, and have 1/18 hp.
The hobgoblin hits you.
You die...

# #.<.##.##..#
#...##.##..# .
#..##'##..#...# ..
#.......##..##
...#########...#
#....#####....##
#...........##
#.......### .
####@#### ##..
.#####g#####.....
..................
......####..####.
..#.#. #...# # #
..#...$ .########
.# ..


You could see a hobgoblin.

Vanquished Creatures
  A hobgoblin (D:1)
1 creature vanquished.

Notes
Turn   | Place    | Note
-------+----------+-------------------------------------------
     0 | D:1      | Monsterracer the Minotaur Gladiator began the quest for the Orb.
     0 | D:1      | Reached XP level 1. HP: 18/18 MP: 0/0
    62 | D:1      | HP: 6/18 [hobgoblin (4)]
    73 | D:1      | HP: 4/18 [hobgoblin (3)]
    74 | D:1      | HP: 1/18 [hobgoblin (3)]
    75 | D:1      | Slain by a hobgoblin

Action                   || total
-------------------------++-------
Armor: Leather armour    ||     4
Dodge: Dodged            ||    10
       Rpst.: Long sword ||     2

Vault maps used:
D:1:      dpeg_arrival_concentric_ovals, minmay_misc_feat_tower,
          evilmike_ruin_ashenzari
